 Dungeon Crawl Stone Soup version 0.29.1-1-gd02db6906a (webtiles) character file.

Game seed: 5487590790074938581

41 Sabo the Poker (level 3, 0/30 HPs)
             Began as a Merfolk Berserker on Oct 21, 2022.
             Was a Believer of Trog.
             Killed from afar by Jessica (4 damage)
             ... with a puff of flame
             ... on level 2 of the Dungeon.
             The game lasted 00:07:02 (1939 turns).

Sabo the Poker (Merfolk Berserker)                  Turns: 1939, Time: 00:07:02

Health: 0/30       AC:  5    Str: 19    XL:     3   Next: 52%
Magic:  3/3        EV: 11    Int:  6    God:    Trog [**....]
Gold:   44         SH:  0    Dex: 13    Spells: 2/2 levels left

rFire   . . .      SeeInvis .   f - +0 long sword
rCold   . . .      Faith    .   (no shield)
rNeg    . . .      Spirit   .   h - +0 ring mail
rPois   .          Reflect  .   (no helmet)
rElec   .          Harm     .   (no cloak)
rCorr   .          Rampage  .   (no gloves)
Will    .....                   (no boots)
Stlth   +.........              (no amulet)
HPRegen 0.10/turn               (no ring)
MPRegen 0.08/turn               (no ring)

@: no status effects
A: (nimble swimmer 2), mertail
a: Renounce Religion, Berserk, Trog's Hand


You were on level 2 of the Dungeon.
You worshipped Trog.
Trog was pleased with you.
You visited 1 branch of the dungeon, and saw 2 of its levels.

You collected 44 gold pieces.

Inventory:

Hand Weapons
 f - a +0 long sword (weapon)
Missiles
 j - 6 poisoned darts (quivered)
Armour
 h - a +0 ring mail (worn)
Scrolls
 a - a scroll of magic mapping {unknown}
 b - a scroll of torment {unknown}
 c - 2 scrolls of noise {unknown}
 d - 2 scrolls of identify {unknown}
 e - a scroll of enchant weapon {unknown}
 g - a scroll of vulnerability {unknown}
 i - a scroll of blinking {unknown}
Potions
 k - 2 potions of curing {unknown}
 l - 3 potions of cancellation {unknown}
 m - a potion of heal wounds {unknown}


   Skills:
 + Level 3.8 Fighting
 + Level 1.3 Long Blades
 + Level 4.6 Polearms
 + Level 1.5 Armour
 + Level 3.0 Dodging


You had 2 spell levels left.
You didn't know any spells.
Your spell library was empty.

Dungeon Overview and Level Annotations

Branches:
Dungeon (2/15)

Altars:

Annotations:
D:2 Jessica


Innate Abilities, Weirdness & Mutations

((You are very nimble when in or above water. (Stealth+, EV+, Speed+++)))
Your lower body shifts to a powerful aquatic tail in water.


Message History

Jessica shouts!
Jessica casts a spell.
Jessica blinks!
Jessica moves out of view.
There is an open door here.
Jessica mumbles something strange.
Jessica mumbles some strange words.
Jessica blinks!
Jessica zaps a wand.
The puff of flame hits you! Jessica hits you with a +0 dagger.
There is an open door here.
Jessica hits you but does no damage.
You slash Jessica!
Jessica is severely wounded.
Jessica barely misses you.
You hit Jessica but do no damage.
Jessica is severely wounded.
Jessica zaps a wand.
The puff of flame misses you. Jessica gestures at you while chanting.
Pain shoots through your body!
* * * LOW HITPOINT WARNING * * *
You barely miss Jessica.
Jessica is severely wounded.
Jessica drinks a potion.
Jessica seems to grow stronger.
You hit Jessica but do no damage.
Jessica is severely wounded.
Jessica barely misses you.
You closely miss Jessica.
Jessica is severely wounded.
Jessica hits you with a +0 dagger.
* * * LOW HITPOINT WARNING * * *
Jessica zaps a wand.
The puff of flame hits you.
* * * LOW HITPOINT WARNING * * *
You closely miss Jessica.
Jessica is severely wounded.
Jessica mumbles some strange words.
Jessica blinks!
Jessica mumbles some strange words.
Jessica seems to speed up.
Jessica zaps a wand.
The puff of flame hits you.
You die...

.....##.# ######<......
........# #....######..
.......# +....'....<..
#...####....#####..#
#...'.......+.......
#####...####....##.#####
........####....##
####............#
.......@........#
.......@.....####
.............#
####.........#
#.........# #.....(.....
#...........#
#.......>$..#
########+##.#


You could see Jessica (fast, strong).

Vanquished Creatures
  A worm (D:2)
  7 endoplasms
  A goblin (D:1)
  4 hobgoblins
  4 jackals (D:2)
  2 kobolds
  3 quokkas
  A ball python (D:2)
  4 bats
  3 frilled lizards
  3 rats
33 creatures vanquished.

Vanquished Creatures (others)
  3 plants (D:1)
3 creatures vanquished.

Grand Total: 36 creatures vanquished

Notes
Turn   | Place    | Note
-------+----------+-------------------------------------------
     0 | D:1      | Sabo the Merfolk Berserker began the quest for the Orb.
     0 | D:1      | Reached XP level 1. HP: 18/18 MP: 1/1
   186 | D:1      | Reached XP level 2. HP: 21/24 MP: 2/2
  1021 | D:1      | Found a faded altar of an unknown god.
  1395 | D:2      | Reached XP level 3. HP: 29/30 MP: 3/3
  1415 | D:2      | Reached ** piety under Trog
  1686 | D:2      | Reached skill level 1 in Long Blades
  1914 | D:2      | Noticed Jessica
  1939 | D:2      | Killed from afar by Jessica

Illustrated notes

Levels and vault maps discovered:
D:1:      dpeg_arrival_long_road, layout_loops_ring,
          dilly_ecumenical_altar_fadedgnrine
D:2:      layout_basic, uniq_jessica

Skill      XL: |  1  2  3 |
---------------+----------+-----
Dodging        | 3 |  3.0
Long Blades    | 1 |  1.3
Fighting       | |  3.8
Polearms       | |  4.6
Armour         | |  1.5

Action                   || total
-------------------------++-------
Melee: Spear             ||    10
       Long sword        ||   111
Armor: Animal skin       ||     3
       Ring mail         ||    30
Dodge: Dodged            ||    74
